 Dungeon Crawl Stone Soup version 0.21-a0-529-g8c7b3f5 (webtiles) character file.

970 Amnesiac the Reanimator (level 7, 0/41 HPs)
             Began as a Deep Elf Necromancer on Dec 9, 2017.
             Was a Believer of Sif Muna.
             Killed from afar by an orc wizard (10 damage)
             ... with a puff of flame
             ... on level 6 of the Dungeon.
             The game lasted 00:08:23 (4344 turns).

Amnesiac the Reanimator (Deep Elf Necromancer)      Turns: 4344, Time: 00:08:23

Health: 0/41       AC:  3    Str:  5    XL:     7   Next: 94%
Magic:  0/19       EV: 13    Int: 22    God:    Sif Muna [**....]
Gold:   215        SH:  0    Dex: 15    Spells: 8/19 levels left

rFire    . . .     SeeInvis .   x - +1 flail (protect)
rCold    . . .     Gourm    .   (no shield)
rNeg     . . .     Faith    .   a - +0 robe
rPois    .         Spirit   .   e - +0 helmet
rElec    .         Reflect  .   j - scarf {cloud immunity}
rCorr    .         Harm     .   (no gloves)
MR       .....                  (no boots)
Stlth    ++........             (no amulet)
HPRegen  0.13/turn              (no ring)
MPRegen  0.16/turn              (no ring)

@: no casting
A: no striking features
a: Stop Divine Energy, Renounce Religion


You were on level 6 of the Dungeon.
You worshipped Sif Muna.
Sif Muna was pleased with you.
You were not hungry.

You visited 2 branches of the dungeon, and saw 7 of its levels.

You collected 215 gold pieces.

Inventory:

Hand Weapons
 x - a +1 flail of protection (weapon)
 D - a cursed +0 halberd of venom
Missiles
 f - 198 stones (quivered)
 k - 48 poisoned needles
 t - 2 throwing nets
 w - 7 needles of sleeping
Armour
 a - a +0 robe (worn)
 e - a +0 helmet (worn)
 j - a scarf of cloud immunity (worn)
Jewellery
 p - an uncursed ring of see invisible {unknown}
 q - a +3 ring of protection {unknown}
Wands
 v - a wand of digging (17)
Scrolls
 l - 9 scrolls of identify {!r, unknown}
 r - 2 scrolls of blinking {!r, unknown}
 A - a scroll of enchant weapon {!r, unknown}
Potions
 d - 2 potions of might {!q, unknown}
 g - a potion of agility {!q, unknown}
 h - 2 potions of brilliance {!q, unknown}
 i - a potion of curing {!q}
 m - 2 potions of ambrosia {!q, unknown}
 n - a potion of flight {!q, unknown}
 u - 2 potions of heal wounds {!q, unknown}
 z - a potion of degeneration {!q, unknown}
Books
 b - a book of Necromancy

   Spells                             Type                      Level
   a - Pain                           Necromancy                   1
   b - Animate Skeleton               Necromancy                   1
   c - Vampiric Draining              Necromancy                   3
   d - Regeneration                   Charms/Necromancy            3
   e - Animate Dead                   Necromancy                   4
   f - Control Undead                 Necromancy                   4
 y - a book of Conjurations

   Spells                             Type                      Level
   a - Magic Dart                     Conjuration                  1
   b - Searing Ray                    Conjuration                  2
   c - Dazzling Spray                 Conjuration/Hexes            3
   d - Fulminant Prism                Conjuration/Hexes            4
   e - Force Lance                    Conjuration/Translocation    4
   f - Iskenderun's Mystic Blast      Conjuration                  4
 B - a book of Changes

   Spells                             Type                      Level
   a - Beastly Appendage              Transmutation                1
   b - Sticks to Snakes               Transmutation                2
   c - Spider Form                    Transmutation/Poison         3
   d - Ice Form                       Ice/Transmutation            4
   e - Blade Hands                    Transmutation                5
Comestibles
 c - 3 bread rations
 o - 5 royal jellies
 s - 3 fruits
 C - a meat ration


   Skills:
 - Level 3.0 Fighting
 - Level 3.0 Dodging
 - Level 2.4 Stealth
 + Level 6.8 Spellcasting
 * Level 9.3 Necromancy


You had 8 spell levels left.
You knew the following spells:

 Your Spells              Type           Power        Failure   Level  Hunger
a - Pain                  Necr           ####         1%          1    None
b - Control Undead        Necr           #####.....   1%          4    ###....
d - Vampiric Draining     Necr           #####.....   1%          3    #......
r - Regeneration          Chrm/Necr      ####......   3%          3    #......


Dungeon Overview and Level Annotations

Branches:
Dungeon (6/15)             Temple (1/1) D:4

Altars:
Ashenzari
Cheibriados
Dithmenos
Elyvilon
Fedhas
Makhleb
Nemelex Xobeh
Okawaru
Qazlal
Ru
Sif Muna
Trog
Vehumet
Wu Jian
Xom
The Shining One

Shops:
D:4 %


Message History

Confirm with . or Enter, or press ? or * to list all spells.
Aiming: Vampiric Draining
Press: ? - help, Shift-Dir - straight line, f/p - orc warrior
Aim: an orc warrior, wielding a battleaxe and wearing a plate armour (severely wounded)
You kill the orc warrior!
Sif Muna accepts your kill.
Your life force feels restored.
You feel life coursing into your body.
The jackal bites you but does no damage.
Casting: Vampiric Draining
Confirm with . or Enter, or press ? or * to list all spells.
Aiming: Vampiric Draining
Press: ? - help, Shift-Dir - straight line, f - jackal
Aim: a jackal You kill the jackal!
Sif Muna accepts your kill.
You feel life coursing into your body.
The orc priest looks encouraged for a moment.
Casting: Vampiric Draining
Confirm with . or Enter, or press ? or * to list all spells.
Aiming: Vampiric Draining
Press: ? - help, Shift-Dir - straight line, f - orc wizard
Aim: an orc wizard, wielding a dagger and wearing a robe (moderately wounded)
The orc wizard is almost dead.
You feel life coursing into your body. Sif Muna grants you divine energy.
You briefly lose access to your magic!
The orc wizard mumbles some strange words.
The orc wizard flickers and vanishes!
Deactivating autopickup; reactivate with Ctrl-A.
You barely miss something.
You hear some strange, mumbled words.
A puff of frost appears from out of thin air!
The puff of frost misses you. Something barely misses you.
You miss something. The orc priest hits you with a mace.
You hear some strange, mumbled words.
You closely miss something. Something hits you.
The orc priest hits you with a mace! Something hits you but does no damage.
You hit something.
Your weapon exudes an aura of protection.
You regain access to your magic.
The orc priest mumbles some strange prayers to Beogh against you.
Beogh smites you!
* * * LOW HITPOINT WARNING * * *
The orc priest hits you with a mace!
* * * LOW HITPOINT WARNING * * *
Casting: Vampiric Draining
Confirm with . or Enter, or press ? or * to list all spells.
Aiming: Vampiric Draining
Press: ? - help, Shift-Dir - straight line, f - orc priest
Aim: an orc priest, wielding a mace and wearing a ring mail The orc priest is severely wounded.
You feel life coursing into your body. Sif Muna grants you divine energy.
You briefly lose access to your magic!
You hear the brisk rusting of a distant drain.
Something hits you but does no damage. The orc priest barely misses you.
Something hits you but does no damage.
Really quaff
i - 2 potions of curing {!q}?
You feel better. Something hits you but does no damage.
You hear some strange, mumbled words.
A puff of flame appears from out of thin air!
The puff of flame hits you!
You die...

#.. #.#.....# ...
#...#.#.....# .o..
........##.## .....
######..##.###hh....
#........hh.o......
#.####.##h###......
#...o{# (....
###.#.# .%.% #.#@#
... #.#.# .. #...# .
##..# #..# #..# ##>#
###


You could see an orc priest and 3 jackals.

Vanquished Creatures
  Sigmund (D:2)
  Edmund (D:4)
  A sky beast (D:5)
  An orc warrior (D:6)
  3 wights (D:6)
  A crimson imp (D:5)
  A bullfrog zombie (D:6)
  2 hounds
  Natasha (thrice) (D:2)
  Terence (D:2)
  3 iguanas
  2 worker ants (D:4)
  A hound zombie (D:5)
  3 adders
  4 gnolls (D:4)
  A howler monkey skeleton (D:5)
  2 oozes
  2 dart slugs
  4 worms
  3 leopard geckos
  7 orcs
  A giant cockroach (D:3)
  7 goblins
  6 hobgoblins
  A jackal (D:6)
  A quokka (D:6)
  3 ball pythons
  10 bats
  7 frilled lizards
  A jackal skeleton (D:6)
  8 kobolds
  2 rats
  A butterfly (D:4)
95 creatures vanquished.

Vanquished Creatures (collateral kills)
  2 wights (D:6)
2 creatures vanquished.

Vanquished Creatures (others)
  A howler monkey skeleton (D:4)
1 creature vanquished.

Grand Total: 98 creatures vanquished

Notes
Turn   | Place    | Note
-------+----------+-------------------------------------------
     0 | D:1      | Amnesiac the Deep Elf Necromancer began the quest for the Orb.
     0 | D:1      | Reached XP level 1. HP: 10/10 MP: 6/6
   152 | D:1      | Reached skill level 1 in Fighting
   443 | D:2      | Reached XP level 2. HP: 14/17 MP: 4/8
   447 | D:2      | Noticed Natasha
   457 | D:2      | Noticed a crimson imp
   459 | D:2      | Killed Natasha
   459 | D:2      | Reached XP level 3. HP: 11/22 MP: 0/9
   464 | D:2      | Learned a level 3 spell: Vampiric Draining
   468 | D:2      | Learned a level 3 spell: Regeneration
   498 | D:2      | Noticed Terence
   534 | D:2      | Killed Terence
   534 | D:2      | Reached XP level 4. HP: 19/27 MP: 0/10
   696 | D:4      | Found a radiant altar of Vehumet.
   729 | D:4      | Found a staircase to the Ecumenical Temple.
   732 | D:4      | Noticed Edmund
   765 | Temple   | Entered the Ecumenical Temple
   791 | Temple   | Became a worshipper of Sif Muna the Loreminder
   826 | D:5      | Entered Level 5 of the Dungeon
   847 | D:4      | Reached skill level 5 in Necromancy
  1603 | D:2      | Noticed Sigmund
  1616 | D:2      | Killed Sigmund
  1616 | D:2      | Reached skill level 6 in Necromancy
  1616 | D:2      | Reached XP level 5. HP: 17/32 MP: 0/13
  1616 | D:2      | Reached XP level 6. HP: 19/37 MP: 0/14
  1715 | D:2      | Noticed Natasha
  1724 | D:2      | Killed Natasha
  1899 | D:2      | Reached * piety under Sif Muna
  2337 | D:2      | Noticed Natasha
  2343 | D:2      | Killed Natasha
  2343 | D:2      | Reached skill level 7 in Necromancy
  2549 | D:3      | Found a faded altar of an unknown god.
  2962 | D:4      | Reached skill level 5 in Spellcasting
  2978 | D:4      | Found Opitenag's Food Shoppe.
  3070 | Temple   | Learned a level 4 spell: Control Undead
  3098 | D:4      | Killed Edmund
  3098 | D:4      | Reached XP level 7. HP: 18/41 MP: 0/17
  3350 | D:4      | Reached skill level 8 in Necromancy
  3381 | D:4      | Found a glowing golden altar of the Shining One.
  3381 | D:4      | Found a sacrificial altar of Ru.
  3386 | D:4      | Found a stormy altar of Qazlal.
  3388 | D:4      | Found an iron altar of Okawaru.
  3389 | D:4      | Found a sparkling altar of Nemelex Xobeh.
  3923 | D:5      | Reached ** piety under Sif Muna
  4193 | D:6      | Reached skill level 9 in Necromancy
  4341 | D:6      | HP: 1/41 [orc priest/mace (8)]
  4344 | D:6      | Killed from afar by an orc wizard

Vault maps used:
D:1:      kennysheep_arrival_seaside
D:2:      uniq_terence, uniq_sigmund, uniq_natasha
D:3:      chequers_ecumenical_altar_grove, guppyfry_early_orc_mine
D:4:      fiery_altar_vehumet, chequers_temple_overflow_minitemple,
          minmay_temple_entry_butterflies, serial_shops, nicolae_shop_trees,
          uniq_edmund
D:5:      first_bread
D:6:      serial_shops, kennysheep_little_box, gup_sewer_entry_pipe
Temple:   hc_temple_tempest_star

Skill      XL: |  1  2  3  4  5  6  7 |
---------------+----------------------+-----
Fighting       | 1 2 3 |  3.0
Dodging        | 3 |  3.0
Necromancy     | 6 7 9 |  9.3
Spellcasting   | 4 5 6 |  6.8
Stealth        | |  2.4

Action                   |  1- 3 |  4- 6 |  7- 9 || total
-------------------------+-------+-------+-------++-------
Melee: Unarmed           |     4 |    12 |       ||    16
       Flail             |       |       |    52 ||    52
 Cast: Pain              |    26 |   126 |    11 ||   163
       Vampiric Draining |     1 |     7 |    20 ||    28
       Control Undead    |       |     2 |     5 ||     7
       Regeneration      |       |     1 |       ||     1
Invok: Divine Energy     |       |     1 |       ||     1
  Use: Scroll            |       |     3 |       ||     3
       Potion            |       |     1 |     1 ||     2
 Stab: Sleeping          |       |       |     2 ||     2
  Eat: Chunk             |       |     7 |     5 ||    12
Armor: Robe              |     3 |     8 |    23 ||    34
Dodge: Dodged            |     7 |    34 |    53 ||    94

Table legend:
 A = Spawn XP
 B = Non-spawn XP
 C = Spawn XP percentage of total XP
 D = Spawn monster count
 E = Non-spawn monster count
 F = Spawn count percentage of total count
 G = Total turns spent on level
                    A         B        C        D         E        F      G
               +---------+---------+-------+---------+---------+-------+---------
         Total |       0 |    1386 |   0.0 |       0 |      93 |   0.0 |  4344
               +---------+---------+-------+---------+---------+-------+---------
           D:1 |       0 |      33 |   0.0 |       0 |      18 |   0.0 |   928
           D:2 |       0 |     425 |   0.0 |       0 |      28 |   0.0 |  1040
           D:3 |       0 |      41 |   0.0 |       0 |      16 |   0.0 |   652
           D:4 |       0 |     356 |   0.0 |       0 |      17 |   0.0 |  1096
           D:5 |       0 |     293 |   0.0 |       0 |       6 |   0.0 |   317
           D:6 |       0 |     238 |   0.0 |       0 |       8 |   0.0 |   252
               +---------+---------+-------+---------+---------+-------+---------
